 Dungeon Crawl Stone Soup version 0.18-a0-316-gf882de5 (console) character file.

13 bli the Ducker (level 2, 0/21 HPs)
             Began as a Merfolk Wanderer on Nov 27, 2015.
             Slain by a jackal (1 damage)
             ... on level 1 of the Dungeon.
             The game lasted 00:01:33 (173 turns).

bli the Ducker (Merfolk Wanderer)                    Turns: 173, Time: 00:01:33

Health: 0/21       AC:  2    Str: 10    XL:     2   Next: 37%
Magic:  3/3        EV: 13    Int: 12    God:
Gold:   28         SH:  0    Dex: 14    Spells: 0 memorised, 3 levels left

rFire  . . .     SeeInvis .     b - +0 quarterstaff
rCold  . . .     Clarity  .     d - +0 robe
rNeg   . . .     SustAt   .     (shield currently unavailable)
rPois  .         Gourm    .     (no helmet)
rElec  .         Spirit   .     (no cloak)
rCorr  .         Warding  .     (no gloves)
rMut   .         Stasis   .     (no boots)
MR     .....                    (no amulet)
Stlth  ++........               (no ring)
                                (no ring)

@: not resistant to hostile enchantments, unstealthy
A: change form in water, swift swim
a: no special abilities


You were on level 1 of the Dungeon.
You were not hungry.

You visited 1 branch of the dungeon, and saw 1 of its levels.

You collected 28 gold pieces.

Inventory:

Hand Weapons
 b - a +0 quarterstaff (weapon)
Missiles
 g - 2 stones (quivered)
Armour
 d - a +0 robe (worn)
Scrolls
 c - 2 scrolls of teleportation
 f - 2 scrolls of blinking {unknown}
 h - a scroll of remove curse {unknown}
 i - a scroll of noise {unknown}
 k - 2 scrolls of identify {unknown}
Potions
 j - 2 potions of cure mutation {unknown}
 l - 2 potions of cancellation {unknown}
Books
 a - a Young Poisoner's Handbook

   Spells                             Type                      Level
   a - Sting                          Conjuration/Poison           1
   b - Cure Poison                    Poison                       2
   c - Mephitic Cloud                 Conjuration/Poison/Air       3
   d - Olgreb's Toxic Radiance        Poison                       4
   e - Venom Bolt                     Conjuration/Poison           5
Comestibles
 e - a bread ration


   Skills:
 * Level 1.3 Fighting
 + Level 1.9 Staves
 + Level 3.3 Dodging
 + Level 1.1 Stealth
   Level 1.0 Shields
 + Level 1.0 Spellcasting
   Level 2.1 Poison Magic


You had 3 spell levels left.
You didn't know any spells.

Dungeon Overview and Level Annotations

Branches:
Dungeon (1/15)

Altars:
Nemelex Xobeh


Message History

The jackal bites you.
You barely miss the jackal. The jackal bites you.
* * * LOW HITPOINT WARNING * * *
The hobgoblin misses you. The hobgoblin barely misses you.
You closely miss the jackal. The jackal barely misses you.
The jackal completely misses you.
You closely miss the jackal. The jackal barely misses you.
You closely miss the jackal. The jackal misses you.
You barely miss the jackal. The jackal completely misses you.
The jackal bites you but does no damage.
The jackal barely misses you. The jackal bites you.
* * * LOW HITPOINT WARNING * * *
The jackal completely misses you.
You hit the jackal.
You kill the jackal!
The jackal bites you.
* * * LOW HITPOINT WARNING * * *
You closely miss the jackal. The jackal bites you.
* * * LOW HITPOINT WARNING * * *
You hit the jackal but do no damage. The jackal closely misses you.
The jackal bites you.
You die...

#.......
#.######
##########.#
#..........#
#..#########
#####'# ##
+.....# ######
#. #.###)#
...... #. #
#.###...... #.
#.###.#........
#.
#..@hg'.)......
##
#+#####)....##
.......h..⌠.⌠.#
#.##
...h......._..#
#...
.h....$#.#⌠.⌠..
## .#.#..#
.....#. #. ..
#.. ####.#..#
#. # #.. .....
#. #.# ##.. #.
... #. #..##.


You could see a jackal and a hobgoblin.

Vanquished Creatures
  5 goblins (D:1)
  3 hobgoblins (D:1)
  A bat (D:1)
  A jackal (D:1)
  A kobold (D:1)
  A rat (D:1)
12 creatures vanquished.

Notes
Turn   | Place    | Note
--------------------------------------------------------------
     0 | D:1      | bli the Merfolk Wanderer began the quest for the Orb.
     0 | D:1      | bli set off with: a Young Poisoner's Handbook, a +0 quarterstaff, a scroll of teleportation, a +0 robe, a bread ration
     0 | D:1      | Reached XP level 1. HP: 15/15 MP: 2/2
    68 | D:1      | Reached skill level 3 in Dodging
    68 | D:1      | Reached XP level 2. HP: 11/21 MP: 3/3
   153 | D:1      | Found a sparkling altar of Nemelex Xobeh.
   172 | D:1      | HP: 1/21 [jackal (2)]
   173 | D:1      | Slain by a jackal

Vault maps used:
D:1:      elethiomel_arrival_maze, roderic_roman_lattice,
          minmay_misc_feat_encased, minmay_misc_feat_five,
          nemelex_xobeh_ov_fountains_minmay

Action                   || total
-------------------------++-------
Melee: Quarterstaff      ||    35
